 Dungeon Crawl Stone Soup version 0.23.1-37-gaa34b87 (webtiles) character file.

Game seed: 1469952526331505951

191 Fang the Skirmisher (level 5, -9/51 HPs)
             Began as a Gargoyle Berserker on Mar 25, 2019.
             Was a Believer of Trog.
             Killed by divine providence
             ... invoked by an orc priest
              (12 damage)
             ... on level 3 of the Dungeon.
             The game lasted 00:01:48 (2457 turns).

Fang the Skirmisher (Gargoyle Berserker)            Turns: 2457, Time: 00:01:49

Health: -9/51      AC:  6    Str: 27    XL:     5   Next: 70%
Magic:  5/5        EV: 12    Int:  7    God:    Trog [**....]
Gold:   134        SH:  0    Dex:  9    Spells: 4/4 levels left

rFire    . . .     SeeInvis .   a - +0 hand axe
rCold    . . .     Gourm    .   (no shield)
rNeg     + . .     Faith    .   b - +0 animal skin
rPois    ∞         Spirit   .   (no helmet)
rElec    +         Reflect  .   (no cloak)
rCorr    .         Harm     .   (no gloves)
MR       .....                  (no boots)
Stlth    ..........             (no amulet)
HPRegen  0.17/turn              (no ring)
MPRegen  0.09/turn              (no ring)

@: confused, berserking (expiring), very quick
A: negative energy resistance 1, electricity resistance, unbreathing,
petrification resistance, rot immunity, AC +4
a: Berserk, Trog's Hand, Renounce Religion


You were on level 3 of the Dungeon.
You worshipped Trog.
Trog was pleased with you.
You were very hungry.

You visited 1 branch of the dungeon, and saw 3 of its levels.

You collected 134 gold pieces.

Inventory:

Hand Weapons
 a - a +0 hand axe (weapon)
Armour
 b - a +0 animal skin (worn)
Jewellery
 f - a +5 ring of dexterity {unknown}
 g - an uncursed ring of flight {unknown}
Wands
 d - a wand of random effects (8)
Scrolls
 e - 2 scrolls of fear {unknown}
 i - a scroll of amnesia {unknown}
 l - a scroll of immolation {unknown}
 m - a scroll of identify {unknown}
 n - 2 scrolls of teleportation {unknown}
 q - a scroll of remove curse {unknown}
Potions
 h - 3 potions of curing {unknown}
 j - a potion of haste {unknown}
 k - a potion of ambrosia {unknown}
 o - a potion of berserk rage {unknown}
 p - a potion of might {unknown}
Comestibles
 c - 7 rations
 r - 7 chunks of flesh


   Skills:
 + Level 4.4 Fighting
 + Level 3.6 Axes
 + Level 3.6 Armour
 + Level 2.6 Dodging


You had 4 spell levels left.
You didn't know any spells.
Your spell library was empty.

Dungeon Overview and Level Annotations

Branches:
Dungeon (3/15)

Altars:
Dithmenos
Makhleb
Xom


Innate Abilities, Weirdness & Mutations

You are resistant to torment.
Your stone body is resilient. (AC +4)
You are immune to poison.
You resist negative energy. (rN+)
You are resistant to electric shocks. (rElec)
You can survive without breathing.
You are immune to petrification.
You are immune to rotting.


Message History

The adder barely misses you. The orc wizard barely misses you.
You closely miss the orc wizard.
The orc wizard is almost dead.
You slash the adder! You hit the orc. You closely miss the orc priest.
The adder barely misses you.
You slash the orc priest!
The orc priest is almost dead.
You closely miss the orc wizard. You closely miss the adder. You slash the orc!
You kill the orc!
Trog accepts your kill.
The orc wizard gestures at you while chanting.
You are confused.
The orc priest closely misses you. The adder bites you.
* * * LOW HITPOINT WARNING * * *
The orc wizard gestures wildly while chanting.
The orc wizard flickers and vanishes!
Deactivating autopickup; reactivate with Ctrl-A.
The orc priest invokes the aid of Beogh against you.
Beogh smites you!
You die...

#### ... ###..##
#.....# #.....# .
#.....##..
#.........
#@†S..#)..
#########..{......
..........)o......
######..###......
#..........###..
###.........##.. .
##...............
#..#.............
####...........#....


You could see an orc priest and an adder.

Vanquished Creatures
  An orc wizard (D:3)
  Jessica (D:2)
  An adder (D:2)
  4 gnolls (D:2)
  2 oozes
  An adder zombie (D:1)
  3 dart slugs
  5 orcs
  A bat zombie (D:1)
  7 giant cockroaches
  7 goblins
  3 hobgoblins
  8 jackals
  3 quokkas
  5 bats
  4 frilled lizards
  5 kobolds
  4 rats
65 creatures vanquished.

Notes
Turn   | Place    | Note
-------+----------+-------------------------------------------
     0 | D:1      | Fang the Gargoyle Berserker began the quest for the Orb.
     0 | D:1      | Reached XP level 1. HP: 14/14 MP: 1/1
    54 | D:1      | Reached XP level 2. HP: 17/19 MP: 2/2
   617 | D:1      | Reached XP level 3. HP: 23/23 MP: 3/3
   626 | D:1      | Reached ** piety under Trog
  1022 | D:2      | Found a shimmering altar of Xom.
  1267 | D:2      | HP: 1/36 [gnoll/+0 whip (2)]
  1269 | D:2      | Reached XP level 4. HP: 2/29 MP: 4/4
  1273 | D:2      | Reached skill level 4 in Fighting
  1641 | D:2      | Found a shadowy altar of Dithmenos.
  2106 | D:2      | Reached XP level 5. HP: 33/33 MP: 5/5
  2189 | D:2      | Noticed Jessica
  2191 | D:2      | Found a burning altar of Makhleb.
  2195 | D:2      | Killed Jessica
  2457 | D:3      | Killed from afar by an orc priest

Skill      XL: |  1  2  3  4 |
---------------+-------------+-----
Axes           | 3 |  3.6
Dodging        | 2 |  2.6
Armour         | 3 |  3.6
Fighting       | 4 |  4.4

Action                   |  1- 3 |  4- 6 || total
-------------------------+-------+-------++-------
Melee: Hand axe          |   115 |    85 ||   200
Invok: Berserk           |     1 |     1 ||     2
  Eat: Chunk             |     1 |     5 ||     6
Armor: Animal skin       |    54 |    41 ||    95
Dodge: Dodged            |    87 |    87 ||   174
